 Dungeon Crawl Stone Soup version 0.27-a0-597-g524d869a0f (webtiles) character file.

Game seed: 17162471343391996953

44 jasper the Sneak (level 3, 0/16 HPs)
             Began as a Spriggan Enchanter on Mar 11, 2021.
             Slain by a gnoll (4 damage)
             ... on level 1 of the Dungeon.
             The game lasted 00:04:07 (2345 turns).

jasper the Sneak (Spriggan Enchanter)               Turns: 2345, Time: 00:04:08

Health: 0/16       AC:  2    Str:  4    XL:     3   Next: 39%
Magic:  8/8        EV: 17    Int: 17    God:
Gold:   100        SH:  0    Dex: 15    Spells: 5/8 levels left

rFire    . . .     SeeInvis +   f - +1 short sword (venom)
rCold    . . .     Faith    .   (shield restricted)
rNeg     . . .     Spirit   .   b - +0 robe
rPois    .         Reflect  .   (helmet restricted)
rElec    .         Harm     .   (no cloak)
rCorr    .         Rampage  .   (gloves unavailable)
Will     .....                  (boots unavailable)
Stlth    +++.......             (no amulet)
HPRegen  0.05/turn              (no ring)
MPRegen  0.11/turn              (no ring)

@: very quick
A: very small, unfitting armour, see invisible, speed 3
a: no special abilities


You were on level 1 of the Dungeon.
You visited 1 branch of the dungeon, and saw 2 of its levels.

You collected 100 gold pieces.

Inventory:

Hand Weapons
 a - a +1 dagger
 f - a +1 short sword of venom (weapon)
Missiles
 e - 10 bolts
Armour
 b - a +0 robe (worn)
Scrolls
 c - a scroll of fear {unknown}
 d - 2 scrolls of identify {unknown}
 g - a scroll of random uselessness {unknown}
 i - a scroll of teleportation {unknown}
 j - a scroll of blinking {unknown}
Potions
 h - a potion of curing


   Skills:
 - Level 1.1 Short Blades
 + Level 3.2 Dodging
 * Level 5.4 Stealth
 - Level 3.0 Spellcasting
 * Level 4.3 Hexes


You had 5 spell levels left.
You knew the following spells:

 Your Spells              Type           Power      Damage    Failure   Level
a - Corona                Hex            18%        N/A       3%          1
b - Ensorcelled Hibernat  Hex/Ice        20%        N/A       11%         2

Your spell library contained the following spells:

 Spells                   Type           Power      Damage    Failure   Level
 Confusing Touch          Hex            17%        N/A       9%          3
 Tukima's Dance           Hex            17%        N/A       9%          3
 Dazzling Flash           Conj/Hex       20%        N/A       22%         3


Dungeon Overview and Level Annotations

Branches:
Dungeon (2/15)

Altars:


Innate Abilities, Weirdness & Mutations

You are very small and have problems with some larger weapons.
You are too small for most types of armour.
You have supernaturally acute eyesight. (SInv)
You cover ground extremely quickly. (Speed+++)


Message History

The ooze hits you.
You take 1 damage, and have 14/16 hp.
You now have 2/8 mp.
The helpless adder fails to defend itself.
You puncture the adder!
You kill the adder!
The ooze barely misses you.
Aiming: Ensorcelled Hibernation (safe; 11% risk of failure)
Press: ? - help, Q - select action, (/) - cycle Shift-Dir - straight line, f - ooze
Aim: an ooze (chance to affect: 40%)
The ooze looks drowsy...
You now have 0/8 mp.
The helpless ooze fails to defend itself.
You puncture the ooze!
You kill the ooze!
You start resting.
Your magical contamination has completely faded away.
You start resting.
HP restored.
Health restored: 16 You regained 4 mp, and now have 4/8 mp.
You start resting.
Magic restored.
MP restored: 8 You climb downwards.
The gnoll misses you. The gnoll completely misses you. x2
The gnoll hits you with a +0 whip!
Ouch! That really hurt!
The gnoll misses you.
There is a stone staircase leading up, spattered with blood here.
You take 9 damage, and have 7/16 hp.
MASSIVE DAMAGE!!
The gnoll barely misses you. The gnoll hits you with a +0 whip.
* * * LOW HITPOINT WARNING * * *
The gnoll misses you.
You climb upwards.
There is a stone staircase leading down here.
You take 4 damage, and have 3/16 hp.
MASSIVE DAMAGE!!
It was a potion of curing.
You feel better. The gnoll misses you. The gnoll hits you with a +0 whip.
* * * LOW HITPOINT WARNING * * *
The gnoll hits you.
You die...

#.#..........##..#
##.######.##....(# ###
#........# #######.## #.#
#.# #.# #########.#
#####....g@g..#
#........g###.# #####
#.###....(###.##### #....
#.# #.###.........#####.###
#.###.###.#.....#.........#
#.#............########.#.#
#.#.#####.###.## #.#.# #
#.........# #.# #.#.# #
###.####### #.# #####....


You could see 3 gnolls.

Vanquished Creatures
  An adder (D:1)
  An ooze (D:1)
  2 dart slugs (D:1)
  2 leopard geckos
  2 bats (D:2)
  4 goblins (D:1)
  2 hobgoblins (D:1)
  2 jackals
  5 kobolds (D:1)
  A frilled lizard (D:1)
  2 rats
24 creatures vanquished.

Notes
Turn   | Place    | Note
-------+----------+-------------------------------------------
     0 | D:1      | jasper the Spriggan Enchanter began the quest for the Orb.
     0 | D:1      | Reached XP level 1. HP: 9/9 MP: 5/5
   905 | D:1      | Reached XP level 2. HP: 13/13 MP: 4/6
   949 | D:1      | Learned a level 2 spell: Ensorcelled Hibernation
  1363 | D:1      | Reached skill level 5 in Stealth
  2216 | D:2      | Reached XP level 3. HP: 16/16 MP: 8/8
  2345 | D:1      | Slain by a gnoll

Illustrated notes

Levels and vault maps discovered:
D:1:      kilobyte_arrival_exit_the_forest, layout_loops_corners,
          minmay_misc_feat_tower, minmay_bisected
D:2:      layout_basic, uniq_robin

Skill      XL: |  1  2 |
---------------+-------+-----
Hexes          | 4 |  4.3
Stealth        | 5 |  5.4
Dodging        | 3 |  3.2
Spellcasting   | 3 |  3.0
Short Blades   | |  1.1

Action                   || total
-------------------------++-------
Melee: Dagger            ||    38
       Short sword       ||    12
 Cast: Corona            ||     4
       Ensorcelled Hiber ||    18
  Use: Potion            ||     3
 Stab: Sleeping          ||    15
Armor: Robe              ||     1
Dodge: Dodged            ||    50

Table legend: (Time is in decaauts)
 A = Elapsed time spent in this place.
 B = Non-inter-level travel time spent in this place.
 C = Inter-level travel time spent in this place.
 D = Time resting spent in this place.
 E = Time spent auto-exploring this place.
 F = Levels seen in this place.
 G = Mean time per level.
                   A        B        C        D        E       F      G
               +--------+--------+--------+--------+--------+-----+--------+
         Total |   1868 |   1826 |     42 |    538 |    998 |   2 |  934.0 |
       Dungeon |   1868 |   1826 |     42 |    538 |    998 |   2 |  934.0 |
               +--------+--------+--------+--------+--------+-----+--------+

Top non-repeatable levels by time:
     D:1: 1520 daAuts
     D:2: 348 daAuts
